 Dungeon Crawl Stone Soup version 0.28-a0-819-g6ef7baa362 (webtiles) character file.

Game seed: 3488239561372661223

51 voltaire321 the Grasshopper (level 3, -1/21 HPs)
             Began as a Deep Elf Warper on Nov 8, 2021.
             Slain by an adder (3 damage)
             ... on level 2 of the Dungeon.
             The game lasted 00:05:49 (2802 turns).

voltaire321 the Grasshopper (Deep Elf Warper)       Turns: 2802, Time: 00:05:49

Health: -1/21      AC:  3    Str:  8    XL:     3   Next: 58%
Magic:  10/10      EV: 12    Int: 18    God:
Gold:   35         SH:  0    Dex: 14    Spells: 7/9 levels left

rFire   . . .      SeeInvis .   a - +0 short sword
rCold   . . .      Faith    .   (no shield)
rNeg    . . .      Spirit   .   b - +0 leather armour
rPois   .          Reflect  .   (no helmet)
rElec   .          Harm     .   (no cloak)
rCorr   .          Rampage  .   (no gloves)
Will    .....                   (no boots)
Stlth   +.........              (no amulet)
HPRegen 0.07/turn               (no ring)
MPRegen 0.12/turn               (no ring)

@: lethally poisoned (-1 -> -5)
A: no striking features
a: no special abilities


You were on level 2 of the Dungeon.
You visited 1 branch of the dungeon, and saw 2 of its levels.

You collected 35 gold pieces.

Inventory:

Hand Weapons
 a - a +0 short sword (weapon)
Missiles
 d - 5 boomerangs of dispersal (quivered)
Armour
 b - a +0 leather armour (worn)
Scrolls
 c - a scroll of blinking
 f - a scroll of silence {unknown}
 h - 3 scrolls of identify {unknown}
 i - a scroll of acquirement {unknown}
Potions
 e - a potion of curing {unknown}
 g - a potion of attraction {unknown}


   Skills:
 + Level 1.9 Fighting
 + Level 2.4 Short Blades
 - Level 1.0 Throwing
 + Level 1.3 Armour
 + Level 2.9 Dodging
 + Level 3.5 Spellcasting
 + Level 3.6 Translocations


You had 7 spell levels left.
You knew the following spells:

 Your Spells              Type           Power      Damage    Failure   Level
a - Blink                 Tloc           32%        N/A       8%          2

Your spell library contained the following spells:

 Spells                   Type           Power      Damage    Failure   Level
 Gell's Gravitas          Tloc           16%        N/A       14%         3
 Lesser Beckoning         Tloc           16%        N/A       14%         3
 Teleport Other           Tloc           16%        N/A       14%         3
 Manifold Assault         Tloc           16%        N/A       80%         5


Dungeon Overview and Level Annotations

Branches:
Dungeon (2/15)

Altars:

Shops:
D:2 !


Message History

You start resting.
An adder comes into view.
The adder moves out of view.
You see here 9 gold pieces.
You now have 35 gold pieces (gained 9).
The adder bites you but does no damage.
You hit the adder but do no damage. The adder barely misses you.
The adder closely misses you.
You miss the adder. The adder barely misses you.
You barely miss the adder. The adder bites you but does no damage.
You barely miss the adder. The adder barely misses you.
You hit the adder.
The adder is lightly wounded.
The adder bites you. The adder barely misses you.
You hit the adder.
The adder is moderately wounded.
The adder bites you.
You are poisoned.
The adder poisons you!
You miss the adder.
The adder is moderately wounded.
You feel sick. The adder barely misses you.
You closely miss the adder.
The adder is moderately wounded.
You feel sick. The adder closely misses you. The adder bites you.
You are lethally poisoned!
The adder poisons you!
You miss the adder.
The adder is moderately wounded.
* * * LOW HITPOINT WARNING * * *
You feel sick. The adder barely misses you.
You hit the adder.
The adder is moderately wounded.
* * * LOW HITPOINT WARNING * * *
You feel sick. The adder closely misses you.
You barely miss the adder.
The adder is moderately wounded.
* * * LOW HITPOINT WARNING * * *
You feel sick. The adder closely misses you. The adder bites you.
You die...

#.#.#.#.#.≈≈≈≈
#>.........≈≈≈≈
#.#.#.###..≈≈≈≈
#.#.#.###...P..
#...........##.
#...........#
#..<........#
##♣...........#
♣.∩.♣..†...@S.#
#.♣...........#
#.................
#.......######.....
#.......# .....
#.......# ....
#.......# ...
#.......# ...
#.......#


You could see an adder.

Vanquished Creatures
  An adder (D:1)
  2 dart slugs
  2 endoplasms (D:1)
  2 giant cockroaches (D:1)
  2 hobgoblins (D:1)
  8 jackals
  4 kobolds (D:1)
  A ball python skeleton (D:2)
  5 bats
  2 frilled lizards (D:1)
  3 goblins (D:1)
  3 rats (D:1)
35 creatures vanquished.

Vanquished Creatures (others)
  A withered plant (D:2)
1 creature vanquished.

Grand Total: 36 creatures vanquished

Notes
Turn   | Place    | Note
-------+----------+-------------------------------------------
     0 | D:1      | voltaire321 the Deep Elf Warper began the quest for the
                  | Orb.
     0 | D:1      | Reached XP level 1. HP: 12/12 MP: 6/6
   251 | D:1      | Reached skill level 1 in Armour
   251 | D:1      | Reached XP level 2. HP: 11/17 MP: 8/8
   598 | D:1      | Found a faded altar of an unknown god.
   657 | D:1      | Learned a level 2 spell: Blink
  1183 | D:1      | Reached XP level 3. HP: 20/21 MP: 9/9
  1592 | D:2      | Found Ejusch's Distillery.
  2802 | D:2      | Slain by an adder

Illustrated notes

Levels and vault maps discovered:
D:1:      wander_arrival_desolate, layout_basic, shapermc_ecumenical_altar_venn
D:2:      layout_basic, serial_undead, serial_undead_f, serial_undead_a,
          serial_undead_c, serial_undead_f, serial_shops, nicolae_shop_trees

Skill      XL: |  1 |
---------------+----+-----
Armour         | 1 |  1.3
Fighting       | |  1.9
Short Blades   | |  2.4
Throwing       | |  1.0
Dodging        | |  2.9
Spellcasting   | |  3.5
Translocations | |  3.6

Action                   || total
-------------------------++-------
Melee: Short sword       ||   229
 Cast: Blink             ||     2
Armor: Leather armour    ||    81
Dodge: Dodged            ||   189

Table legend: (Time is in decaauts)
 A = Elapsed time spent in this place.
 B = Non-inter-level travel time spent in this place.
 C = Inter-level travel time spent in this place.
 D = Time resting spent in this place.
 E = Time spent auto-exploring this place.
 F = Levels seen in this place.
 G = Mean time per level.
                   A        B        C        D        E       F      G
               +--------+--------+--------+--------+--------+-----+--------+
         Total |   2803 |   2725 |     78 |   1486 |    649 |   2 | 1401.5 |
       Dungeon |   2803 |   2725 |     78 |   1486 |    649 |   2 | 1401.5 |
               +--------+--------+--------+--------+--------+-----+--------+

Top non-repeatable levels by time:
     D:1: 2483 daAuts
     D:2: 320 daAuts
